 Dungeon Crawl Stone Soup version 0.32-a0-872-g59262bdc9b (webtiles) character file.

Game seed: 16350406643679217700

1428 PriceMaster the Grave Robber (level 8, 0/35 (37) HPs)
             Began as a Vine Stalker Necromancer on Mar 30, 2024.
             Was a Follower of Vehumet.
             Slain by a kobold brigand
             ... wielding a +0 short sword
              (4 damage)
             ... on level 6 of the Dungeon.
             The game lasted 00:09:14 (6187 turns).

PriceMaster the Grave Robber (VSNe)                 Turns: 6187, Time: 00:09:15

HP:   0/35 (37)     AC:  3    Str: 11    XL:     8   Next: 72%
MP:   0/18          EV: 11    Int: 15    God:    Vehumet [*.....]
Gold: 164           SH:  0    Dex: 17    Spells: 7/20 levels left

rFire   + . .        w - +4 dagger
rCold   + . .        (no shield)
rNeg    . . .        d - +0 leather armour
rPois   +            (no helmet)
rElec   +            (no cloak)
rCorr   +            (no gloves)
SInv    .            (no boots)
Will    +....        (no amulet)
Stlth   ++           (no ring)
HPRegen 1.05/turn    (no ring)
MPRegen 0.16/turn

%: guardian spirit
@: resistant, animating dead, very slightly contaminated, drained
A: fangs 3, regeneration 1, magic shield, antimagic bite, no potion heal 2
a: Renounce Religion


You were on level 6 of the Dungeon.
You worshipped Vehumet.
Vehumet was aware of your devotion.
You visited 1 branch of the dungeon, and saw 6 of its levels.

You collected 164 gold pieces.

Inventory:

Hand Weapons
 b - a +0 dagger of draining
 c - a +0 dagger
 f - a +0 club
 j - a +0 short sword of holy wrath
 w - a +4 dagger (weapon)
Armour
 a - a +0 robe
 d - a +0 leather armour (worn)
Wands
 q - a wand of warping (17)
 x - a wand of polymorph (6)
Scrolls
 e - a scroll of blinking {unknown}
 g - 5 scrolls of identify {unknown}
 h - 2 scrolls of revelation {unknown}
 i - a scroll of enchant weapon {unknown}
 l - a scroll of brand weapon {unknown}
 n - 6 scrolls of teleportation {unknown}
 p - a scroll of fear {unknown}
 s - a scroll of amnesia {unknown}
 t - a scroll of fog {unknown}
 u - a scroll of noise {unknown}
 v - a scroll of vulnerability {unknown}
Potions
 m - a potion of invisibility {unknown}
 o - a potion of haste {unknown}
 r - a potion of might {unknown}


   Skills:
 + Level 1.4 Fighting
 + Level 1.7 Short Blades
 + Level 2.4 Armour
 + Level 2.9 Dodging
 + Level 3.2 Stealth
 + Level 6.6 Spellcasting
 + Level 7.3 Necromancy


You had 7 spell levels left.
You knew the following spells:

 Your Spells              Type           Power      Damage    Failure   Level
a - Necrotise             Necr           100%       1d9       1%          1
b - Vampiric Draining     Necr           27%        2d7       2%          3
c - Animate Dead          Necr           27%        N/A       9%          4
d - Curse of Agony        Necr           27%        N/A       24%         5

Your spell library contained the following spells:

 Spells                   Type           Power      Damage    Failure   Level
 Sting                    Conj/Alch      16%        1d4       19%         1
 Passwall                 Erth           4%         N/A       50%         3
 Volatile Blastmotes      Fire/Tloc      8%         2d10      50%         3
 Vhi's Electric Charge    Tloc/Air       8%         N/A       88%         4
 Bombard                  Conj/Erth      2%         9d1       100%        6


Dungeon Overview and Level Annotations

Branches:
Dungeon (6/15)             Temple (0/1) D:4

Altars:
Cheibriados
Vehumet


Innate Abilities, Weirdness & Mutations

You have razor-sharp teeth.
Your natural rate of healing is unusually fast.
When hurt, damage is shared between your health and your magic reserves.
Your bite disrupts and absorbs the magic of your enemies.
Potions cannot restore your health.


Message History

Your kobold skeleton hits the ice beast but does no damage.
Your kobold zombie hits the kobold brigand but does no damage.
You hit the ice beast but do no damage.
The ice beast is lightly wounded.
The kobold brigand hits you but does no damage.
The ice beast misses you.
Your kobold zombie hits the kobold brigand but does no damage.
Your kobold skeleton barely misses the ice beast.
You hit the ice beast but do no damage. Your bite misses the ice beast.
The ice beast is lightly wounded.
Your kobold zombie hits the kobold brigand.
The ice beast hits you. The ice beast freezes you. You resist.
* * * LOW HITPOINT WARNING * * *
The kobold brigand misses you.
You hit the ice beast. Your bite misses the ice beast.
The ice beast is moderately wounded.
Your kobold zombie barely misses the kobold brigand.
Your kobold skeleton barely misses the ice beast.
The kobold brigand barely misses you. The ice beast barely misses you.
Your kobold zombie hits the kobold brigand but does no damage.
You barely miss the ice beast. Your bite misses the ice beast.
The ice beast is moderately wounded.
The kobold brigand hits you with a +0 short sword.
* * * LOW HITPOINT WARNING * * *
The ice beast barely misses you.
Your kobold skeleton barely misses the ice beast.
Your kobold zombie hits the kobold brigand.
You hit the ice beast.
The ice beast is moderately wounded.
Your kobold zombie barely misses the kobold brigand.
The ice beast hits you but does no damage.
The kobold brigand hits you with a +0 short sword.
* * * LOW HITPOINT WARNING * * *
Your kobold zombie misses the kobold brigand.
You barely miss the ice beast.
The ice beast is moderately wounded.
Your kobold skeleton hits the ice beast but does no damage.
Your kobold zombie completely misses the kobold brigand.
The kobold brigand hits you with a +0 short sword.
You die...

.<......###.#.###.#..###
..####...##.#...........
.....##..##.....)##...
#.##.##..#######.# #
#)##.Z#...## ###.# .# #
..##......># #...##.##.#
#...........##.#..Z)....
................ZKZ))...
##.##.#.##..####@Y.)....
#. #.#.##..##....#.##..
.. ..............#.# .
.. ##.#.###.#...#.# # .
..... #..... .. ......
... [..#..# ##. .#.#..
..


You could see an ice beast (ally target), a kobold brigand (ally target), 2
friendly kobold zombies and a friendly kobold skeleton.

Vanquished Creatures
  A water moccasin (D:4)
  An ice beast (D:5)
  A black bear (D:5)
  A centaur (D:5)
  2 ogres
  A phantom (D:4)
  Blork the orc (D:6)
  2 scorpions (D:5)
  A howler monkey (D:6)
  A bombardier beetle (D:4)
  An orc priest (D:3)
  2 hounds
  4 iguanas
  Ijyb (D:4)
  An orc wizard (D:5)
  A gnoll (D:1)
  16 adders
  2 ufetubi (D:5)
  A dart slug (D:4)
  A ribbon worm (D:5)
  11 orcs
  4 endoplasms
  5 giant cockroaches (D:1)
  11 goblins
  6 hobgoblins
  3 jackals (D:2)
  3 quokkas
  11 ball pythons
  7 bats
  2 frilled lizards
  22 kobolds
  3 rats
130 creatures vanquished.

Vanquished Creatures (collateral kills)
  An iguana (D:5)
  2 ufetubi (D:6)
  An orc (D:5)
  A frilled lizard (D:1)
5 creatures vanquished.

Vanquished Creatures (others)
  A howler monkey zombie (D:6)
  An orc zombie (D:6)
  2 kobold zombies (D:6)
4 creatures vanquished.

Grand Total: 139 creatures vanquished

Notes
Turn   | Place    | Note
-------+----------+-------------------------------------------
     0 | D:1      | PriceMaster the Vine Stalker Necromancer began the quest
                  | for the Orb.
     0 | D:1      | Reached XP level 1. HP: 9/9 MP: 4/4
   171 | D:1      | Reached XP level 2. HP: 13/13 MP: 4/6
   538 | D:1      | Reached XP level 3. HP: 16/16 MP: 1/7
  1098 | D:2      | Reached XP level 4. HP: 19/21 MP: 0/9
  2013 | D:2      | Reached skill level 1 in Short Blades
  2014 | D:2      | Reached XP level 5. HP: 24/24 MP: 8/10
  2241 | D:2      | Reached skill level 1 in Armour
  2334 | D:3      | Reached skill level 5 in Necromancy
  2342 | D:3      | You fall into a shaft and drop 1 floor!
  2347 | D:4      | Learned a level 3 spell: Vampiric Draining
  2356 | D:4      | Found a radiant altar of Vehumet.
  2372 | D:4      | Became a worshipper of Vehumet
  2390 | D:3      | Noticed a centaur
  2535 | D:4      | Noticed a phantom
  2558 | D:4      | Killed a phantom
  2559 | D:4      | Reached XP level 6. HP: 26/29 MP: 5/12
  2595 | D:4      | Noticed a water moccasin
  2604 | D:4      | Killed a water moccasin
  2667 | D:4      | Noticed Ijyb
  2682 | D:4      | Killed Ijyb
  3130 | D:4      | Reached XP level 7. HP: 28/32 MP: 7/14
  3624 | D:4      | Found a staircase to the Ecumenical Temple.
  3808 | D:5      | Entered Level 5 of the Dungeon
  3817 | D:5      | Reached skill level 6 in Necromancy
  3829 | D:5      | Reached skill level 1 in Fighting
  3829 | D:5      | Reached skill level 5 in Spellcasting
  4150 | D:5      | Reached * piety under Vehumet
  4150 | D:5      | Offered knowledge of Sting by Vehumet.
  4335 | D:5      | Gained mutation: You have razor-sharp teeth. [Vine Stalker
                  | growth]
  4335 | D:5      | Reached XP level 8. HP: 37/37 MP: 12/17
  4823 | D:5      | Found a snail-covered altar of Cheibriados.
  5544 | D:6      | Reached skill level 7 in Necromancy
  5599 | D:6      | Learned a level 4 spell: Animate Dead
  5605 | D:6      | Learned a level 5 spell: Curse of Agony
  5955 | D:6      | Noticed Blork the orc
  5968 | D:6      | Killed Blork the orc
  6107 | D:6      | Your ally Blork died
  6187 | D:6      | Slain by a kobold brigand

Illustrated notes

Levels and vault maps discovered:
D:1:      spicycebolla_arrival_xxxplode, layout_basic,
          nicolae_concentric_dashed_squares_wild
D:2:      layout_loops_ring, minmay_tiny_reverse_x
D:3:      cheibrodos_pilgrimage, layout_basic, dk_noncrumbling_4,
          chequers_big_river
D:4:      layout_rooms, vehumet_crystals, minmay_temple_entry_poolview,
          minmay_snake_closets, uniq_ijyb
D:5:      layout_rooms, cheibrodos_worm_habitat, serial_co_window_serial,
          co_window_corner_a, co_window_paths_a, co_window_corner_a,
          co_window_paths_a, co_window_cross_1, co_window_corner_b,
          co_window_corner_cb, co_window_2corner, co_window_broadway_b,
          co_window_of_opportunity_c, co_window_2corner, co_window_corner_cb,
          co_window_paths_e, glass_columns_a, glass_columns_a, glass_columns_c,
          glass_columns_a
D:6:      kennysheep_housing_project, layout_basic, uniq_blork_the_orc,
          uniq_eustachio

Skill      XL: |  1  2  3  4  5  6  7  8 |
---------------+-------------------------+-----
Spellcasting   | 3 4 5 6 |  6.6
Dodging        | 2 |  2.9
Short Blades   | 1 |  1.7
Armour         | 1 2 |  2.4
Necromancy     | 5 6 7 |  7.3
Stealth        | 3 |  3.2
Fighting       | 1 |  1.4

Action                     |  1- 3 |  4- 6 |  7- 9 || total
---------------------------+-------+-------+-------++-------
  Melee: Dagger            |    33 |    37 |    23 ||    93
         Bite              |    11 |    40 |    21 ||    72
         Short sword       |       |    67 |    36 ||   103
   Cast: Necrotise         |    44 |    69 |    98 ||   211
         Vampiric Draining |       |     3 |    26 ||    29
         Animate Dead      |       |       |     4 ||     4
         Curse of Agony    |       |       |     4 ||     4
    Use: Potion            |       |       |     2 ||     2
   Stab: Sleeping          |     2 |     1 |       ||     3
         Distracted        |       |     1 |       ||     1
 Armour: Robe              |     2 |       |       ||     2
         Leather armour    |    19 |   100 |   116 ||   235
  Dodge: Dodged            |    23 |    85 |   102 ||   210

Table legend: (Time is in decaauts)
 A = Elapsed time spent in this place.
 B = Non-inter-level travel time spent in this place.
 C = Inter-level travel time spent in this place.
 D = Time resting spent in this place.
 E = Time spent auto-exploring this place.
 F = Levels seen in this place.
 G = Mean time per level.
                   A        B        C        D        E       F      G
               +--------+--------+--------+--------+--------+-----+--------+
         Total |   6185 |   6066 |    119 |    809 |   4337 |   6 | 1030.8 |
       Dungeon |   6185 |   6066 |    119 |    809 |   4337 |   6 | 1030.8 |
               +--------+--------+--------+--------+--------+-----+--------+

Top non-repeatable levels by time:
     D:5: 1719 daAuts
     D:4: 1461 daAuts
     D:2: 1230 daAuts
     D:1: 1065 daAuts
     D:6: 663 daAuts
     D:3: 44 daAuts
